 Dungeon Crawl Stone Soup version 0.30.0-19-g36f170ea60 (webtiles) character file.

Game seed: 1130072133628021360

2138 Bamboolord the Purveyor of Pain (level 9, -5/64 HPs)
             Began as a Demonspawn Necromancer on May 29, 2023.
             Was an Initiate of Kikubaaqudgha.
             Killed from afar by an electric eel (13 damage)
             ... with a bolt of electricity
             ... on level 7 of the Dungeon.
             The game lasted 00:17:46 (5533 turns).

Bamboolord the Purveyor of Pain (DsNe)              Turns: 5533, Time: 00:17:47

Health: -5/64      AC: 14    Str:  9    XL:     9   Next: 9%
Magic:  1/19       EV: 13    Int: 20    God:    Kikubaaqudgha [......]
Gold:   196        SH:  0    Dex: 14    Spells: 13/21 levels left

rFire   . . .        t - +1 dagger (flame)
rCold   . . .        (no shield)
rNeg    . . .        a - +0 robe
rPois   .            (helmet restricted)
rElec   .            A - +1 cloak
rCorr   .            (no gloves)
SInv    .            (no boots)
Will    +....        (no amulet)
Stlth   ++           i - ring of willpower
HPRegen 0.30/turn    u - +4 ring of protection
MPRegen 0.32/turn

%: no passive effects
@: sanguine armoured, animating dead
A: horns 1, magic regeneration, sanguine armour 1, demonic magic 2
a: Renounce Religion


You were on level 7 of the Dungeon.
You worshipped Kikubaaqudgha.
Kikubaaqudgha was noncommittal.
You visited 2 branches of the dungeon, and saw 8 of its levels.

You collected 334 gold pieces.
You spent 138 gold pieces at shops.

Inventory:

Hand Weapons
 t - a +1 dagger of flaming (weapon)
 D - the +7 spear of the End {freeze, *Slow rPois Dex+4}
   (You found it on level 5 of the Dungeon)

   Dex:       It affects your dexterity (+4).
   rPois:     It protects you from poison.
   *Slow:     It may slow you when you take damage.
Missiles
 z - 2 throwing nets
Armour
 a - a +0 robe (worn)
 A - a +1 cloak (worn)
 C - a scarf of invisibility
Jewellery
 i - a ring of willpower (left hand)
 u - a +4 ring of protection (right hand)
 v - a +4 ring of slaying
 x - a ring of see invisible
 B - a ring of willpower
Wands
 o - a wand of light (10)
 q - a wand of polymorph (8)
Scrolls
 e - a scroll of fear
 f - 3 scrolls of teleportation
 l - 2 scrolls of amnesia
 p - a scroll of poison
 s - 2 scrolls of fog
Potions
 b - 3 potions of magic
 c - 2 potions of brilliance
 d - 3 potions of attraction
 g - 3 potions of lignification
 h - a potion of mutation
 j - 2 potions of flight
 k - 3 potions of curing
 m - 2 potions of haste
 n - a potion of resistance {unknown}
 r - a potion of heal wounds {unknown}


   Skills:
 * Level 3.3 Fighting
 * Level 3.7 Dodging
 + Level 3.1 Stealth
 * Level 6.8 Spellcasting
 * Level 8.6 Necromancy
 * Level 3.3 Evocations


You had 13 spell levels left.
You knew the following spells:

 Your Spells              Type           Power      Damage    Failure   Level
a - Necrotise             Necr           100%       1d9       1%          1
b - Vampiric Draining     Necr           41%        2d8       1%          3
c - Animate Dead          Necr           41%        N/A       2%          4

Your spell library contained the following spells:

 Spells                   Type           Power      Damage    Failure   Level
 Agony                    Necr           41%        N/A       8%          5
 Volatile Blastmotes      Fire/Tloc      12%        2d11      28%         3
 Fulminant Prism          Conj/Hex       3%         3d5       67%         4
 Iskenderun's Mystic Bla  Conj/Tloc      6%         2d4       67%         4
 Blade Hands              Tmut           3%         N/A       95%         5
 Irradiate                Conj/Tmut      3%         3d12      95%         5
 Lee's Rapid Deconstruct  Erth           3%         3d5*      95%         5
 Dragon Form              Tmut           3%         N/A       100%        7


Dungeon Overview and Level Annotations

Branches:
Dungeon (7/15)             Temple (1/1) D:7

Altars:
Ashenzari
Dithmenos
Fedhas
Gozag
Hepliaklqana
Kikubaaqudgha
Makhleb
Nemelex Xobeh
Qazlal
Sif Muna
Trog
Uskayaw
Vehumet
Wu Jian
Xom

Shops:
D:4 *

Annotations:
D:6 Eustachio


Innate Abilities, Weirdness & Mutations

You have a pair of small horns on your head.
You regenerate magic rapidly.
When seriously injured, your blood forms armour. (AC +6)
Spells you cast may paralyse nearby enemies.


Message History

Casting: Vampiric Draining (safe; 1% risk of failure)
Confirm with . or Enter, or press ? or * to list all spells.
You don't have enough magic to cast this spell.
Unknown command.
Your unstable footing causes you to fumble your attack.
The centaur hits you. The centaur misses you. The centaur closely misses you.
The centaur kicks you but does no damage.
You hit the centaur. You burn the centaur. You headbutt the centaur.
The centaur is almost dead.
The centaur barely misses you.
The centaur kicks you but does no damage.
Casting: Vampiric Draining (safe; 1% risk of failure)
Confirm with . or Enter, or press ? or * to list all spells.
Aiming: Vampiric Draining (safe; 1% risk of failure)
Press: ? - help, Shift-Dir - straight line, f/p - centaur
Aim: a centaur (almost dead)
You draw life force from the centaur!
You kill the centaur!
Kikubaaqudgha accepts your kill.
You hear a splash.
You feel life coursing into your body. Malevolent energies surge around you.
The dead are walking!
The electric eel shoots out a bolt of lightning at you!
The bolt of electricity hits you!
The electric eel shoots out a bolt of lightning at you!
The bolt of electricity misses you.
Found 14 gold pieces.
The electric eel shoots out a bolt of lightning at you!
The bolt of electricity hits you!
* * * LOW HITPOINT WARNING * * *
The orc splashes around in the water.
You see here a +0 shortbow.
You swap places.
The electric eel shoots out a bolt of lightning at you!
The bolt of electricity hits you!
* * * LOW HITPOINT WARNING * * *
The electric eel shoots out a bolt of lightning at you!
The bolt of electricity hits you!
You die...
Kikubaaqudgha rasps: "You have failed me!
Welcome... death!"

..##.. #......##..
###......#..#
#######.#.........#
##.##..#............
#..........~.~~....
##.8.#.>...♣~.~~♣.#
#.........♣o~ZS~~♣
##8.>.8...~~~)@S~~♣
#.....[...♣~~~.~~~♣
#.#.8.#...PP~~.~~~♣ ..
..
#.........♣P~~.~~~~..
..##.
##.......##♣P~~.~♣~....
.....# ##........#
.♣~~.~♣~.... . #....
...P.#.......♣~P.~♣
$... .##...
##~~♣#......#P~P.~♣
.... ......
#~~P~♣♣♣....♣~~~.~~~
#...


You could see 2 electric eels, an orc and a friendly centaur zombie.

Vanquished Creatures
  A water moccasin (D:7)
  A sky beast (D:7)
  2 black bears (D:5)
  3 ogres
  3 centaurs (D:7)
  3 phantoms
  2 bullfrogs (D:7)
  3 scorpions
  6 electric eels (D:7)
  3 hounds
  A gnoll bouda (D:4)
  Ijyb (D:3)
  An iguana (D:4)
  Natasha (D:3)
  An orc wizard (D:7)
  4 adders
  7 gnolls
  2 white imps
  An ufetubus (D:6)
  3 dart slugs
  11 orcs
  4 endoplasms
  3 giant cockroaches
  8 goblins
  7 hobgoblins
  4 jackals
  7 quokkas
  6 ball pythons
  3 bats
  A frilled lizard (D:1)
  7 kobolds
  5 rats
  A spectral hobgoblin (D:2)
116 creatures vanquished.

Vanquished Creatures (collateral kills)
  A hound (D:6)
  Natasha (D:3)
  A dart slug (D:3)
  2 jackals (D:1)
5 creatures vanquished.

Vanquished Creatures (others)
  2 orc zombies (D:7)
2 creatures vanquished.

Grand Total: 123 creatures vanquished

Notes
Turn   | Place    | Note
-------+----------+-------------------------------------------
     0 | D:1      | Bamboolord the Demonspawn Necromancer began the quest for
                  | the Orb.
     0 | D:1      | Reached XP level 1. HP: 13/13 MP: 3/3
   344 | D:1      | Gained mutation: You regenerate magic rapidly. [demonic
                  | ancestry]
   344 | D:1      | Reached XP level 2. HP: 19/19 MP: 3/5
  1145 | D:2      | Reached skill level 5 in Necromancy
  1262 | D:2      | Found a faded altar of an unknown god.
  1430 | D:2      | Reached XP level 3. HP: 23/23 MP: 4/6
  1434 | D:2      | Learned a level 3 spell: Vampiric Draining
  2111 | D:3      | Noticed Natasha
  2119 | D:3      | Killed Natasha
  2120 | D:3      | Gained mutation: Spells you cast may paralyse adjacent
                  | enemies. [demonic ancestry]
  2120 | D:3      | Reached XP level 4. HP: 24/31 MP: 3/8
  2129 | D:3      | Identified the +6 scale mail of the Harp {Rampage *Slow
                  | Regen+ Dex+5}
  2168 | D:3      | Found a broken altar of Ashenzari.
  2168 | D:3      | Found a shimmering altar of Xom.
  2173 | D:3      | Noticed Ijyb
  2183 | D:3      | Killed Ijyb
  2341 | D:3      | Noticed Natasha
  2352 | D:3      | Killed Natasha
  2353 | D:3      | Gained mutation: Spells you cast may paralyse nearby
                  | enemies. [demonic ancestry]
  2353 | D:3      | Reached XP level 5. HP: 36/36 MP: 1/10
  2817 | D:3      | Learned a level 4 spell: Animate Dead
  2950 | D:4      | Reached skill level 1 in Fighting
  3177 | D:4      | Noticed an ogre
  3188 | D:4      | Killed an ogre
  3189 | D:4      | Reached skill level 6 in Necromancy
  3189 | D:4      | Reached skill level 1 in Evocations
  3189 | D:4      | Reached XP level 6. HP: 43/43 MP: 4/12
  3235 | D:4      | Found Pememe's Assorted Antiques.
  3273 | D:4      | Bought a scroll labelled NUUSASONIO for 23 gold pieces
  3273 | D:4      | Bought a knobbly granite ring for 115 gold pieces
  3832 | D:5      | Entered Level 5 of the Dungeon
  3895 | D:5      | Gained mutation: When seriously injured, your blood forms
                  | armour. (AC +6) [demonic ancestry]
  3895 | D:5      | Reached XP level 7. HP: 46/48 MP: 7/14
  4041 | D:5      | Reached skill level 5 in Spellcasting
  4120 | D:5      | Identified the +7 spear of the End {freeze, *Slow rPois
                  | Dex+4}
  4148 | D:5      | Reached skill level 7 in Necromancy
  4631 | D:6      | Gained mutation: You have a pair of small horns on your
                  | head. [demonic ancestry]
  4631 | D:6      | Reached XP level 8. HP: 57/57 MP: 4/16
  4691 | D:6      | Found a shadowy altar of Dithmenos.
  4694 | D:6      | Noticed Eustachio
  5325 | D:7      | Reached skill level 8 in Necromancy
  5445 | D:7      | Found a staircase to the Ecumenical Temple.
  5453 | Temple   | Entered the Ecumenical Temple
  5495 | Temple   | Became a worshipper of Kikubaaqudgha
  5522 | D:7      | Reached XP level 9. HP: 45/64 MP: 7/19
  5533 | D:7      | Killed from afar by an electric eel

Illustrated notes

Levels and vault maps discovered:
D:1:      dpeg_arrival_windows_large_door, layout_basic
D:2:      layout_loops_ring, dreamdust_ecumenical_altar_drowned_temple
D:3:      layout_loops_cross, gammafunk_temple_overflow_wave, minmay_unequal,
          uniq_ijyb, uniq_natasha
D:4:      layout_gridville, serial_shops, nicolae_diamond_shop,
          minmay_misc_feat_alley
D:5:      layout_loops_ring
D:6:      layout_rooms, nicolae_overflow_hidden_temple, uniq_eustachio
D:7:      layout_cave_pools, minmay_temple_entry_statues_pillars, serial_bayou,
          serial_bayou_pond_d, serial_bayou_ford_a, serial_bayou_pond_c,
          serial_bayou_lagoon_b, serial_bayou_pond_d, enter_bailey_3,
          kennysheep_crisscross
Temple:   compressed_dpeg_triangle_lava_temple

Skill      XL: |  1  2  3  4  5  6  7  8 |
---------------+-------------------------+-----
Necromancy     | 5 6 7 8 |  8.6
Spellcasting   | 3 4 5 6 |  6.8
Dodging        | 2 3 |  3.7
Fighting       | 1 2 3 |  3.3
Evocations     | 1 2 3 |  3.3
Stealth        | 2 3 |  3.1

Action                     |  1- 3 |  4- 6 |  7- 9 || total
---------------------------+-------+-------+-------++-------
  Melee: Unarmed           |    28 |       |       ||    28
         Dagger            |       |    25 |    59 ||    84
         Punch             |       |     2 |     2 ||     4
         Headbutt          |       |       |     6 ||     6
   Cast: Necrotise         |    69 |    89 |    68 ||   226
         Animate Dead      |       |     1 |     5 ||     6
         Vampiric Draining |       |       |    24 ||    24
    Use: Scroll            |     6 |     2 |     8 ||    16
         Potion            |       |     1 |       ||     1
   Stab: Distracted        |     1 |       |       ||     1
         Paralysed         |       |     4 |    18 ||    22
         Sleeping          |       |       |     2 ||     2
 Armour: Robe              |     9 |     6 |    29 ||    44
  Dodge: Dodged            |    26 |    21 |    66 ||   113
